Sharks vs Kings
(R1)
Created - May 21, 2020 at 19:14
Goals
|
| Sharks |
0 |
2 |
0 |
2 |
| Kings |
1 |
1 |
1 |
3 |
|
Shots
|
| Sharks |
10 |
12 |
11 |
33 |
| Kings |
14 |
9 |
9 |
32 |
|
1st period
1. Kings , Brad Boyes 3 (James Wright 3, Clarke MacArthur 2) at 4:15
Penalties :
Matt Martin (LAK) for Hooking (Minor) at 10:55, Blake Wheeler (LAK) for High sticking (Minor) at 15:41
2nd period
2. Sharks , Zach Boychuk 1 (Luke Adam 1) at 2:25 (SH)
3. Kings , Nikita Kucherov 2 (Anze Kopitar 5, Gabriel Landeskog 3) at 2:38 (PP)
4. Sharks , Milan Michalek 1 (Jason Spezza 4, Stefan Ruzicka 1) at 10:17
Penalties :
Mike Cammalleri (SJS) for Holding (Minor) at 0:42, Clarke MacArthur (LAK) for High sticking (Minor) at 3:09, Anze Kopitar (LAK) for Tripping (Minor) at 12:23, Nikita Kucherov (LAK) for Kneeing (Minor) at 17:33
3rd period
5. Kings , Blake Wheeler 1 (Brad Boyes 2, Dougie Hamilton 3) at 16:42 (PP)
Penalties :
Drew Doughty (SJS) for Hooking (Minor) at 9:10, Bobby Butler (SJS) for Boarding (Minor) at 12:19, Jason Spezza (SJS) for High sticking (Minor) at 14:43
Goalie Stats
Anders Nilsson (SJS), 29 saves from 32 shots - (0.906), L, 0-1-0, 59:47 minutes
Ondrej Pavelec (LAK), 31 saves from 33 shots - (0.939), W, 4-2-0, 60:00 minutes
Players Stats for Sharks
Player Name G A P +/- PIM S H SB GA TA FO MP PP MP PK MP
------------------------------------------------------------------------------------
Adam Larsson 0 0 0 0 0 1 0 2 0 0 0/0 13:21 0:00 3:20
Andrej Sekera 0 0 0 1 0 0 2 2 0 1 0/0 17:44 0:00 4:27
Bobby Butler 0 0 0 -1 2 0 0 0 0 1 1/1 11:12 0:05 0:00
Boone Jenner 0 0 0 0 0 2 1 0 0 0 1/4 8:25 0:05 1:32
Brandon Dubinsky 0 0 0 0 0 2 1 1 0 0 2/7 15:28 4:34 0:19
David Rundblad 0 0 0 1 0 2 3 2 1 1 0/0 15:41 4:02 1:21
Dennis Wideman 0 0 0 0 0 0 1 0 1 0 0/0 21:13 4:02 3:38
Drew Doughty 0 0 0 0 2 5 0 0 0 1 0/0 27:48 5:53 3:12
Jason Spezza 0 1 1 1 2 2 2 0 1 0 16/30 19:33 5:16 0:00
Jiri Tlusty 0 0 0 0 0 1 1 0 0 0 0/1 7:08 0:05 0:00
Luke Adam 0 1 1 0 0 1 0 0 0 0 2/5 12:15 0:00 1:44
Martins Karsums 0 0 0 0 0 2 0 1 0 0 0/0 15:02 4:34 0:00
Mike Cammalleri 0 0 0 0 2 0 1 0 3 0 0/0 17:31 4:34 2:30
Milan Michalek 1 0 1 1 0 3 2 0 0 0 3/6 23:03 5:16 3:29
Oskar Osala 0 0 0 -1 0 4 1 0 0 0 0/1 12:46 0:00 2:23
Stefan Ruzicka 0 1 1 1 0 5 2 2 0 1 1/2 19:34 5:16 0:00
Tyler Cuma 0 0 0 0 0 1 4 0 0 1 0/0 27:57 5:53 3:26
Zach Boychuk 1 0 1 1 0 2 1 0 0 0 0/0 6:22 0:00 0:11
Players Stats for Kings
Player Name G A P +/- PIM S H SB GA TA FO MP PP MP PK MP
------------------------------------------------------------------------------------
Anze Kopitar 0 1 1 -1 2 2 3 0 2 0 9/19 17:33 4:11 1:28
Blake Wheeler 1 0 1 0 2 4 0 2 0 0 3/7 13:24 0:50 4:33
Brad Boyes 1 1 2 1 0 3 1 1 0 0 0/0 12:26 0:40 0:00
Clarke MacArthur 0 1 1 1 2 3 2 0 0 0 0/0 12:38 0:10 0:04
Darnell Nurse 0 0 0 1 0 0 2 0 0 0 0/0 17:57 0:31 5:31
Dougie Hamilton 0 1 1 0 0 0 1 0 0 0 0/0 16:12 4:48 0:31
Gabriel Landeskog 0 1 1 -1 0 3 0 0 0 0 1/1 17:33 4:11 1:38
Gilbert Brule 0 0 0 -1 0 3 0 0 0 1 5/12 19:47 2:52 5:37
James Wright 0 1 1 1 0 4 2 0 0 0 10/14 16:33 0:40 2:56
Jason Akeson 0 0 0 -1 0 0 4 0 0 0 1/1 14:21 2:52 0:00
Jeff Schultz 0 0 0 -1 0 2 1 2 1 1 0/0 23:08 0:00 5:00
Matt Martin 0 0 0 -1 2 2 1 1 0 1 0/0 14:23 2:52 0:00
Nick Leddy 0 0 0 -1 0 2 0 0 1 1 0/0 17:47 4:17 0:35
Nikita Kucherov 1 0 1 -1 2 3 0 0 0 0 0/0 14:34 4:11 0:00
Patrick Marleau 0 0 0 0 0 1 0 0 0 0 0/0 6:19 0:00 0:00
Peter Regin 0 0 0 0 0 0 1 0 0 0 2/3 10:29 0:10 3:34
Ryan Murray 0 0 0 -1 0 0 2 1 0 2 0/0 24:16 3:05 3:49
Shea Weber 0 0 0 0 0 0 4 0 2 0 0/0 20:40 3:05 4:24
3 Stars
1 - Brad Boyes (LAK)
2 - Milan Michalek (SJS)
3 - Ondrej Pavelec (LAK)
Power Play
Sharks - 0 on 5 Attempt(s) - 0.00%
Kings - 2 on 4 Attempt(s) - 50.00%
Penalty Kill
Sharks - 2 on 4 Attempt(s) - 50.00%
- Score 1 goal in Penalty Kill
Kings - 5 on 5 Attempt(s) - 100.00%
- Score 0 goal in Penalty Kill
Team Stat
Sharks - Hits : 22 - Faceoff Wins : 26 - Blocked Shots : 10 - Penalty Minutes : 8
Kings - Hits : 24 - Faceoff Wins : 31 - Blocked Shots : 7 - Penalty Minutes : 10
Official
Referees : Unknown
Linesman : Unknown
Game Notes
No Game Note
Finance
Level 1 -- Attendance: 6000 (100.00%) -- Ticket Income $600,000
Level 2 -- Attendance: 5000 (100.00%) -- Ticket Income $300,000
Level 3 -- Attendance: 2000 (100.00%) -- Ticket Income $60,000
Level 4 -- Attendance: 4000 (100.00%) -- Ticket Income $80,000
Luxury Box -- Attendance: 1000 (100.00%) -- Ticket Income $175,000
Game was played at the Staples Center.
Total Attendance: 18000 (100.00%)
Total Ticket Income: $1,215,000
Other Income: $182,250
Total Income: $1,397,250
Sharks
5 vs 5 Forward
Center Left Wing Right Wing Time % Phy DF OF
1 Jason Spezza Milan Michalek Stefan Ruzicka 40 2 2 1
2 Brandon Dubinsky Mike Cammalleri Martins Karsums 30 2 2 1
3 Luke Adam Oskar Osala Bobby Butler 20 2 2 1
4 Boone Jenner Zach Boychuk Jiri Tlusty 10 2 2 1
5 vs 5 Defense
Defense Defense Time % Phy DF OF
1 Drew Doughty Tyler Cuma 40 2 2 1
2 Dennis Wideman Andrej Sekera 30 2 2 1
3 Adam Larsson David Rundblad 20 2 2 1
4 Drew Doughty Tyler Cuma 10 2 2 1
PowerPlay Forward
Center Left Wing Right Wing Time % Phy DF OF
1 Jason Spezza Milan Michalek Stefan Ruzicka 60 1 1 3
2 Brandon Dubinsky Mike Cammalleri Martins Karsums 40 1 1 3
PowerPlay Defense
Defense Defense Time % Phy DF OF
1 Drew Doughty Tyler Cuma 60 1 1 3
2 Dennis Wideman David Rundblad 40 1 1 3
Penalty Kill 4 Players Forward
Center Wing Time % Phy DF OF
1 Milan Michalek Dennis Wideman 60 1 4 0
2 Mike Cammalleri Oskar Osala 40 1 4 0
Penalty Kill 4 Players Defense
Defense Defense Time % Phy DF OF
1 Drew Doughty Andrej Sekera 60 1 4 0
2 Adam Larsson Tyler Cuma 40 1 4 0
Penalty Kill - 3 Players Forward
Forward Time % Phy DF OF
1 Milan Michalek 60 1 4 0
2 Mike Cammalleri 40 1 4 0
Penalty Kill - 3 Players Defense
Defense Defense Time % Phy DF OF
1 Drew Doughty Andrej Sekera 60 1 4 0
2 Adam Larsson Tyler Cuma 40 1 4 0
4 vs 4 Forward
Center Wing Time % Phy DF OF
1 Mike Cammalleri Milan Michalek 60 2 2 1
2 Brandon Dubinsky Oskar Osala 40 2 2 1
4 vs 4 Defense
Defense Defense Time % Phy DF OF
1 Drew Doughty Tyler Cuma 60 2 2 1
2 Dennis Wideman David Rundblad 40 2 2 1
Last Minutes Offensive
Center Left Wing Right Wing Defense Defense
Jason Spezza Milan Michalek Stefan Ruzicka Drew Doughty Tyler Cuma
Last Minutes Defensive
Center Left Wing Right Wing Defense Defense
Jason Spezza Milan Michalek Stefan Ruzicka Drew Doughty Andrej Sekera
Goaltenders
Starting : Anders Nilsson
Backup : Ryan Miller
Extra Forwards
Normal : Jiri Tlusty, Bobby Butler, Luke Adam - PP : Boone Jenner, Bobby Butler - PK : Luke Adam
Extra Defensemen
Normal : Adam Larsson, David Rundblad, Andrej Sekera - PP : Adam Larsson - PK : David Rundblad, Tyler Cuma
Penalty Shots
Jason Spezza, Milan Michalek, Mike Cammalleri, Oskar Osala, Luke Adam
Scratches
Paul Ranger (Healthy), Nikolai Kulemin (Healthy), T.J. Hensick (Broken Bone (Left Ankle) Injury)
Kings
5 vs 5 Forward
Center Left Wing Right Wing Time % Phy DF OF
1 Anze Kopitar Gabriel Landeskog Nikita Kucherov 30 1 2 2
2 Gilbert Brule Matt Martin Jason Akeson 30 1 2 2
3 James Wright Clarke MacArthur Brad Boyes 30 1 2 2
4 Peter Regin Patrick Marleau Blake Wheeler 10 1 2 2
5 vs 5 Defense
Defense Defense Time % Phy DF OF
1 Jeff Schultz Ryan Murray 40 1 2 2
2 Shea Weber Nick Leddy 30 1 2 2
3 Darnell Nurse Dougie Hamilton 20 1 2 2
4 Darnell Nurse Dougie Hamilton 10 1 2 2
PowerPlay Forward
Center Left Wing Right Wing Time % Phy DF OF
1 Anze Kopitar Gabriel Landeskog Nikita Kucherov 60 1 2 2
2 Gilbert Brule Matt Martin Jason Akeson 40 1 2 2
PowerPlay Defense
Defense Defense Time % Phy DF OF
1 Dougie Hamilton Nick Leddy 60 1 2 2
2 Shea Weber Ryan Murray 40 1 2 2
Penalty Kill 4 Players Forward
Center Wing Time % Phy DF OF
1 Blake Wheeler Gilbert Brule 60 1 3 1
2 James Wright Peter Regin 40 1 3 1
Penalty Kill 4 Players Defense
Defense Defense Time % Phy DF OF
1 Jeff Schultz Darnell Nurse 60 1 4 0
2 Ryan Murray Shea Weber 40 1 4 0
Penalty Kill - 3 Players Forward
Forward Time % Phy DF OF
1 Blake Wheeler 60 1 2 2
2 James Wright 40 1 2 2
Penalty Kill - 3 Players Defense
Defense Defense Time % Phy DF OF
1 Jeff Schultz Darnell Nurse 60 1 2 2
2 Ryan Murray Shea Weber 40 1 2 2
4 vs 4 Forward
Center Wing Time % Phy DF OF
1 Anze Kopitar Blake Wheeler 60 1 2 2
2 Gabriel Landeskog Nikita Kucherov 40 1 2 2
4 vs 4 Defense
Defense Defense Time % Phy DF OF
1 Shea Weber Ryan Murray 60 1 2 2
2 Darnell Nurse Dougie Hamilton 40 1 2 2
Last Minutes Offensive
Center Left Wing Right Wing Defense Defense
Anze Kopitar Gabriel Landeskog Nikita Kucherov Dougie Hamilton Nick Leddy
Last Minutes Defensive
Center Left Wing Right Wing Defense Defense
Anze Kopitar Gabriel Landeskog Blake Wheeler Jeff Schultz Darnell Nurse
Goaltenders
Starting : Ondrej Pavelec
Backup : John Gibson
Extra Forwards
Normal : Anze Kopitar, Gilbert Brule, Peter Regin - PP : James Wright, Brad Boyes - PK : Anze Kopitar
Extra Defensemen
Normal : Jeff Schultz, Darnell Nurse, Shea Weber - PP : Darnell Nurse - PK : Dougie Hamilton, Nick Leddy
Penalty Shots
Anze Kopitar, Gilbert Brule, Nikita Kucherov, Peter Regin, Patrick Marleau
Scratches
Adam Burish (Healthy), Andrew Hammond (Healthy)
% Time on Ice - Sharks
Lines # - Real PCT - Wanted PCT - Time Play
Normal Forward
1 - 34% - 40% - 13:50
2 - 26% - 30% - 10:28
3 - 26% - 20% - 10:31
4 - 15% - 10% - 6:11
Normal Defense
1 - 39% - 40% - 16:07
2 - 35% - 30% - 14:17
3 - 22% - 20% - 9:11
4 - 3% - 10% - 1:25
PP Forward
1 - 54% - 60% - 5:21
2 - 46% - 40% - 4:34
PP Defense
1 - 59% - 60% - 5:53
2 - 41% - 40% - 4:02
PK Forward
1 - 86% - 60% - 6:45
2 - 14% - 40% - 1:08
PK Defense
1 - 60% - 60% - 4:43
2 - 40% - 40% - 3:10
PK3 Forward
1 - 0% - 60%
2 - 0% - 40%
PK3 Defense
1 - 0% - 60%
2 - 0% - 40%
44 Forward
1 - 0% - 60%
2 - 0% - 40%
44 Defense
1 - 0% - 60%
2 - 0% - 40%
Last Minute Offensive - 1:12
Last Minute Defensive - 0:00
Total
Forward - 60:00
Defense - 60:00
|
% Time on Ice - Kings
Lines # - Real PCT - Wanted PCT - Time Play
Normal Forward
1 - 27% - 30% - 11:09
2 - 29% - 30% - 11:49
3 - 29% - 30% - 11:46
4 - 15% - 10% - 6:19
Normal Defense
1 - 41% - 40% - 16:56
2 - 33% - 30% - 13:25
3 - 19% - 20% - 7:48
4 - 7% - 10% - 2:54
PP Forward
1 - 57% - 60% - 4:29
2 - 43% - 40% - 3:24
PP Defense
1 - 61% - 60% - 4:48
2 - 39% - 40% - 3:05
PK Forward
1 - 74% - 60% - 7:19
2 - 26% - 40% - 2:36
PK Defense
1 - 56% - 60% - 5:31
2 - 44% - 40% - 4:24
PK3 Forward
1 - 0% - 60%
2 - 0% - 40%
PK3 Defense
1 - 0% - 60%
2 - 0% - 40%
44 Forward
1 - 0% - 60%
2 - 0% - 40%
44 Defense
1 - 0% - 60%
2 - 0% - 40%
Last Minute Offensive - 0:00
Last Minute Defensive - 1:09
Total
Forward - 60:00
Defense - 60:00
|
Play-by-Play
1st period
0:01 of 1st period - Anze Kopitar wins face-off versus Jason Spezza in neutral zone.
0:06 of 1st period - Wrist shot by Gabriel Landeskog.
0:06 of 1st period - Stopped by Anders Nilsson without a rebound.
0:07 of 1st period - Jason Spezza wins face-off versus Anze Kopitar in Sharks zone.
0:41 of 1st period - Slapshot by Drew Doughty.
0:41 of 1st period - Stopped by Ondrej Pavelec with a rebound.
0:43 of 1st period - Wrist shot by Brandon Dubinsky.
0:43 of 1st period - Shot Misses the Net.
0:59 of 1st period - Wrist shot by Brad Boyes.
0:59 of 1st period - Shot Misses the Net.
1:13 of 1st period - Wrist shot by Peter Regin.
1:13 of 1st period - Shot Misses the Net.
1:15 of 1st period - Slapshot by Nick Leddy.
1:15 of 1st period - Stopped by Anders Nilsson without a rebound.
1:16 of 1st period - Boone Jenner wins face-off versus Peter Regin in Sharks zone.
2:55 of 1st period - Wrist shot by Zach Boychuk.
2:55 of 1st period - Stopped by Ondrej Pavelec with a rebound.
3:20 of 1st period - Off-side.
3:21 of 1st period - Jason Akeson wins face-off versus Jason Spezza in neutral zone.
4:07 of 1st period - Wrist shot by Clarke MacArthur.
4:07 of 1st period - Stopped by Anders Nilsson with a rebound.
4:11 of 1st period - Snap shot by Clarke MacArthur.
4:11 of 1st period - Shot Misses the Net.
4:13 of 1st period - Slapshot by James Wright.
4:13 of 1st period - Shot Blocked by David Rundblad.
4:15 of 1st period - Snap shot by Brad Boyes.
4:15 of 1st period - Goal by Brad Boyes - Sharks : 0 - Kings : 1.
4:16 of 1st period - Gilbert Brule wins face-off versus Stefan Ruzicka in neutral zone.
5:00 of 1st period - Snap shot by Martins Karsums.
5:00 of 1st period - Shot Misses the Net.
5:56 of 1st period - Snap shot by Gilbert Brule.
5:56 of 1st period - Shot Blocked by Brandon Dubinsky.
6:09 of 1st period - Icing by Drew Doughty.
6:10 of 1st period - Peter Regin wins face-off versus Brandon Dubinsky in Sharks zone.
6:13 of 1st period - Slapshot by Blake Wheeler.
6:13 of 1st period - Stopped by Anders Nilsson with a rebound.
6:23 of 1st period - Snap shot by James Wright.
6:23 of 1st period - Shot Misses the Net.
6:25 of 1st period - Wrist shot by Brad Boyes.
6:25 of 1st period - Shot Blocked by Martins Karsums.
8:04 of 1st period - Snap shot by Oskar Osala.
8:04 of 1st period - Stopped by Ondrej Pavelec without a rebound.
8:05 of 1st period - James Wright wins face-off versus Oskar Osala in Kings zone.
8:19 of 1st period - James Wright is hit by Oskar Osala and loses puck.
8:34 of 1st period - Backhand shot by Jason Spezza.
8:34 of 1st period - Stopped by Ondrej Pavelec without a rebound.
8:35 of 1st period - Jason Spezza wins face-off versus Gilbert Brule in Kings zone.
8:48 of 1st period - Slapshot by Drew Doughty.
8:48 of 1st period - Stopped by Ondrej Pavelec without a rebound.
8:49 of 1st period - Stefan Ruzicka wins face-off versus Anze Kopitar in Kings zone.
9:00 of 1st period - Wrist shot by Nikita Kucherov.
9:00 of 1st period - Shot Misses the Net.
9:36 of 1st period - Andrej Sekera is hit by Jason Akeson and loses puck.
9:43 of 1st period - Wrist shot by Matt Martin.
9:43 of 1st period - Stopped by Anders Nilsson with a rebound.
10:01 of 1st period - Wrist shot by Jason Spezza.
10:01 of 1st period - Deflect By Shea Weber.
10:01 of 1st period - Shot Misses the Net.
10:01 of 1st period - Puck is out of play.
10:02 of 1st period - Jason Spezza wins face-off versus Anze Kopitar in Kings zone.
10:03 of 1st period - Snap shot by Milan Michalek.
10:03 of 1st period - Stopped by Ondrej Pavelec with a rebound.
10:05 of 1st period - Slapshot by Adam Larsson.
10:05 of 1st period - Shot Misses the Net.
10:55 of 1st period - Minor Penalty to Matt Martin for Hooking.
10:56 of 1st period - Blake Wheeler wins face-off versus Jason Spezza in Kings zone.
10:56 of 1st period - Blake Wheeler is hit by Stefan Ruzicka.
11:27 of 1st period - Wrist shot by Drew Doughty.
11:27 of 1st period - Stopped by Ondrej Pavelec with a rebound.
11:29 of 1st period - Slapshot by Tyler Cuma.
11:29 of 1st period - Stopped by Ondrej Pavelec without a rebound.
11:30 of 1st period - Jason Spezza wins face-off versus Blake Wheeler in Kings zone.
12:12 of 1st period - James Wright is hit by Mike Cammalleri and loses puck.
12:55 of 1st period - Penalty to Matt Martin is over, Matt Martin is back on ice.
13:05 of 1st period - Snap shot by Brad Boyes.
13:05 of 1st period - Deflect By Clarke MacArthur.
13:05 of 1st period - Stopped by Anders Nilsson with a rebound.
13:07 of 1st period - Snap shot by Clarke MacArthur.
13:07 of 1st period - Stopped by Anders Nilsson with a rebound.
13:09 of 1st period - Slapshot by James Wright.
13:09 of 1st period - Stopped by Anders Nilsson without a rebound.
13:10 of 1st period - Anze Kopitar wins face-off versus Boone Jenner in Sharks zone.
13:15 of 1st period - Wrist shot by Nikita Kucherov.
13:15 of 1st period - Stopped by Anders Nilsson without a rebound.
13:16 of 1st period - Anze Kopitar wins face-off versus Jiri Tlusty in Sharks zone.
13:33 of 1st period - Gabriel Landeskog is hit by Boone Jenner.
14:57 of 1st period - Andrej Sekera is hit by Ryan Murray.
15:22 of 1st period - Snap shot by Blake Wheeler.
15:22 of 1st period - Shot Blocked by Andrej Sekera.
15:41 of 1st period - Minor Penalty to Blake Wheeler for High sticking.
15:42 of 1st period - Jason Spezza wins face-off versus Anze Kopitar in Kings zone.
15:56 of 1st period - Anze Kopitar is hit by Milan Michalek and loses puck.
17:17 of 1st period - Gabriel Landeskog is hit by Stefan Ruzicka and loses puck.
17:40 of 1st period - Clarke MacArthur is hit by Jiri Tlusty.
17:41 of 1st period - Penalty to Blake Wheeler is over, Blake Wheeler is back on ice.
18:04 of 1st period - Slapshot by James Wright.
18:04 of 1st period - Shot Blocked by Adam Larsson.
18:06 of 1st period - Wrist shot by James Wright.
18:06 of 1st period - Stopped by Anders Nilsson with a rebound.
18:08 of 1st period - Snap shot by James Wright.
18:08 of 1st period - Deflect By Oskar Osala.
18:08 of 1st period - Stopped by Anders Nilsson without a rebound.
18:09 of 1st period - Gilbert Brule wins face-off versus Boone Jenner in Sharks zone.
18:36 of 1st period - Mike Cammalleri is hit by Darnell Nurse and loses puck.
18:55 of 1st period - Snap shot by Peter Regin.
18:55 of 1st period - Shot Blocked by Adam Larsson.
19:08 of 1st period - Peter Regin is hit by David Rundblad and loses puck.
19:15 of 1st period - Wrist shot by Martins Karsums.
19:15 of 1st period - Shot Misses the Net.
19:17 of 1st period - Wrist shot by Martins Karsums.
19:17 of 1st period - Deflect By Dougie Hamilton.
19:17 of 1st period - Stopped by Ondrej Pavelec without a rebound.
19:18 of 1st period - Gilbert Brule wins face-off versus Jason Spezza in Kings zone.
19:34 of 1st period - Wrist shot by Matt Martin.
19:34 of 1st period - Stopped by Anders Nilsson without a rebound.
19:35 of 1st period - James Wright wins face-off versus Luke Adam in Sharks zone.
19:42 of 1st period - Snap shot by Brad Boyes.
19:42 of 1st period - Stopped by Anders Nilsson with a rebound.
19:50 of 1st period - Slapshot by Drew Doughty.
19:50 of 1st period - Deflect By Oskar Osala.
19:50 of 1st period - Stopped by Ondrej Pavelec without a rebound.
19:51 of 1st period - Jason Spezza wins face-off versus Gilbert Brule in Kings zone.
Goals for this period are 0 for Sharks vs 1 for Kings.
Shots for this period are 10 for Sharks vs 14 for Kings.
2nd period
0:01 of 2nd period - Jason Spezza wins face-off versus James Wright in neutral zone.
0:08 of 2nd period - Slapshot by Jason Spezza.
0:08 of 2nd period - Shot Blocked by Ryan Murray.
0:10 of 2nd period - Snap shot by Stefan Ruzicka.
0:10 of 2nd period - Shot Blocked by Jeff Schultz.
0:12 of 2nd period - Wrist shot by Milan Michalek.
0:12 of 2nd period - Shot Misses the Net.
0:14 of 2nd period - Snap shot by Milan Michalek.
0:14 of 2nd period - Shot Misses the Net.
0:16 of 2nd period - Snap shot by Stefan Ruzicka.
0:16 of 2nd period - Shot Misses the Net.
0:42 of 2nd period - Minor Penalty to Mike Cammalleri for Holding.
0:43 of 2nd period - Milan Michalek wins face-off versus Anze Kopitar in Sharks zone.
1:30 of 2nd period - Oskar Osala is hit by Anze Kopitar and loses puck.
2:17 of 2nd period - Icing by Matt Martin.
2:18 of 2nd period - Luke Adam wins face-off versus Anze Kopitar in Kings zone.
2:25 of 2nd period - Snap shot by Zach Boychuk.
2:25 of 2nd period - Goal by Zach Boychuk - Sharks : 1 - Kings : 1.
2:26 of 2nd period - Milan Michalek wins face-off versus Anze Kopitar in neutral zone.
2:38 of 2nd period - Wrist shot by Nikita Kucherov.
2:38 of 2nd period - Goal by Nikita Kucherov - Sharks : 1 - Kings : 2.
2:39 of 2nd period - Jason Spezza wins face-off versus James Wright in neutral zone.
2:55 of 2nd period - Ryan Murray is hit by Jason Spezza and loses puck.
3:09 of 2nd period - Minor Penalty to Clarke MacArthur for High sticking.
3:10 of 2nd period - Jason Spezza wins face-off versus Blake Wheeler in Kings zone.
3:12 of 2nd period - Slapshot by Drew Doughty.
3:12 of 2nd period - Shot Blocked by Blake Wheeler.
3:26 of 2nd period - Slapshot by Tyler Cuma.
3:26 of 2nd period - Shot Blocked by Blake Wheeler.
4:35 of 2nd period - Ryan Murray is hit by Tyler Cuma.
5:09 of 2nd period - Penalty to Clarke MacArthur is over, Clarke MacArthur is back on ice.
5:17 of 2nd period - Dennis Wideman is hit by Anze Kopitar and loses puck.
5:26 of 2nd period - Jeff Schultz is hit by Andrej Sekera and loses puck.
6:03 of 2nd period - Luke Adam is hit by Shea Weber and loses puck.
6:57 of 2nd period - Icing by Shea Weber.
6:58 of 2nd period - James Wright wins face-off versus Brandon Dubinsky in Kings zone.
7:03 of 2nd period - Snap shot by Martins Karsums.
7:03 of 2nd period - Shot Misses the Net.
7:05 of 2nd period - Snap shot by Martins Karsums.
7:05 of 2nd period - Stopped by Ondrej Pavelec with a rebound.
7:25 of 2nd period - Slapshot by Nick Leddy.
7:25 of 2nd period - Deflect By Gilbert Brule.
7:25 of 2nd period - Stopped by Anders Nilsson with a rebound.
7:27 of 2nd period - Snap shot by Gilbert Brule.
7:27 of 2nd period - Stopped by Anders Nilsson without a rebound.
7:28 of 2nd period - Jason Spezza wins face-off versus Gilbert Brule in Sharks zone.
7:45 of 2nd period - Wrist shot by Gilbert Brule.
7:45 of 2nd period - Stopped by Anders Nilsson with a rebound.
7:47 of 2nd period - Backhand shot by Darnell Nurse.
7:47 of 2nd period - Shot Blocked by Stefan Ruzicka.
8:15 of 2nd period - Snap shot by Gilbert Brule.
8:15 of 2nd period - Deflect By Matt Martin.
8:15 of 2nd period - Shot Misses the Net.
8:15 of 2nd period - Puck is out of play.
8:16 of 2nd period - Brandon Dubinsky wins face-off versus Anze Kopitar in Sharks zone.
8:16 of 2nd period - Brandon Dubinsky is hit by Shea Weber.
8:42 of 2nd period - Dennis Wideman is hit by Clarke MacArthur and loses puck.
9:01 of 2nd period - Wrist shot by Zach Boychuk.
9:01 of 2nd period - Deflect By Boone Jenner.
9:01 of 2nd period - Stopped by Ondrej Pavelec with a rebound.
9:39 of 2nd period - Icing by David Rundblad.
9:40 of 2nd period - Jason Spezza wins face-off versus Gilbert Brule in Sharks zone.
10:15 of 2nd period - Wrist shot by Jason Spezza.
10:15 of 2nd period - Stopped by Ondrej Pavelec with a rebound.
10:17 of 2nd period - Slapshot by Milan Michalek.
10:17 of 2nd period - Goal by Milan Michalek - Sharks : 2 - Kings : 2.
10:18 of 2nd period - Anze Kopitar wins face-off versus Brandon Dubinsky in neutral zone.
10:43 of 2nd period - Milan Michalek is hit by James Wright and loses puck.
10:51 of 2nd period - Off-side.
10:52 of 2nd period - Brandon Dubinsky wins face-off versus Anze Kopitar in neutral zone.
11:18 of 2nd period - Stefan Ruzicka is hit by Jason Akeson and loses puck.
11:31 of 2nd period - Wrist shot by Stefan Ruzicka.
11:31 of 2nd period - Stopped by Ondrej Pavelec without a rebound.
11:32 of 2nd period - James Wright wins face-off versus Luke Adam in Kings zone.
11:58 of 2nd period - Slapshot by Martins Karsums.
11:58 of 2nd period - Shot Misses the Net.
12:00 of 2nd period - Backhand shot by Martins Karsums.
12:00 of 2nd period - Shot Blocked by Brad Boyes.
12:02 of 2nd period - Backhand shot by Brandon Dubinsky.
12:02 of 2nd period - Stopped by Ondrej Pavelec with a rebound.
12:10 of 2nd period - Slapshot by Jeff Schultz.
12:10 of 2nd period - Stopped by Anders Nilsson with a rebound.
12:23 of 2nd period - Minor Penalty to Anze Kopitar for Tripping.
12:24 of 2nd period - Blake Wheeler wins face-off versus Jason Spezza in Kings zone.
12:37 of 2nd period - Slapshot by Drew Doughty.
12:37 of 2nd period - Shot Hit the Post.
12:39 of 2nd period - Snap shot by Stefan Ruzicka.
12:39 of 2nd period - Stopped by Ondrej Pavelec with a rebound.
12:49 of 2nd period - Darnell Nurse is hit by Brandon Dubinsky and loses puck.
13:27 of 2nd period - Ryan Murray is hit by Jason Spezza and loses puck.
14:23 of 2nd period - Penalty to Anze Kopitar is over, Anze Kopitar is back on ice.
14:49 of 2nd period - Slapshot by Nick Leddy.
14:49 of 2nd period - Stopped by Anders Nilsson without a rebound.
14:50 of 2nd period - Bobby Butler wins face-off versus Gilbert Brule in Sharks zone.
15:01 of 2nd period - Gilbert Brule is hit by David Rundblad.
15:11 of 2nd period - Dougie Hamilton is hit by Zach Boychuk and loses puck.
15:16 of 2nd period - Backhand shot by Drew Doughty.
15:16 of 2nd period - Shot Misses the Net.
15:38 of 2nd period - Wrist shot by Blake Wheeler.
15:38 of 2nd period - Stopped by Anders Nilsson with a rebound.
15:47 of 2nd period - Icing by Dougie Hamilton.
15:48 of 2nd period - James Wright wins face-off versus Jason Spezza in Kings zone.
15:57 of 2nd period - Snap shot by Brad Boyes.
15:57 of 2nd period - Stopped by Anders Nilsson without a rebound.
15:58 of 2nd period - Gilbert Brule wins face-off versus Jason Spezza in Sharks zone.
16:13 of 2nd period - Snap shot by Matt Martin.
16:13 of 2nd period - Shot Blocked by Stefan Ruzicka.
16:25 of 2nd period - Tyler Cuma is hit by Clarke MacArthur and loses puck.
17:00 of 2nd period - Slapshot by Drew Doughty.
17:00 of 2nd period - Stopped by Ondrej Pavelec without a rebound.
17:01 of 2nd period - Jason Spezza wins face-off versus James Wright in Kings zone.
17:04 of 2nd period - Snap shot by Milan Michalek.
17:04 of 2nd period - Stopped by Ondrej Pavelec without a rebound.
17:05 of 2nd period - James Wright wins face-off versus Jason Spezza in Kings zone.
17:33 of 2nd period - Minor Penalty to Nikita Kucherov for Kneeing.
17:34 of 2nd period - Jason Spezza wins face-off versus Blake Wheeler in Kings zone.
17:39 of 2nd period - Snap shot by Stefan Ruzicka.
17:39 of 2nd period - Shot Misses the Net.
17:53 of 2nd period - Blake Wheeler is hit by Tyler Cuma and loses puck.
18:10 of 2nd period - Wrist shot by Brandon Dubinsky.
18:10 of 2nd period - Stopped by Ondrej Pavelec without a rebound.
18:11 of 2nd period - James Wright wins face-off versus Brandon Dubinsky in Kings zone.
18:11 of 2nd period - James Wright is hit by David Rundblad.
18:20 of 2nd period - Off-side.
18:21 of 2nd period - Jason Spezza wins face-off versus Blake Wheeler in neutral zone.
18:26 of 2nd period - Wrist shot by Stefan Ruzicka.
18:26 of 2nd period - Stopped by Ondrej Pavelec without a rebound.
18:27 of 2nd period - Blake Wheeler wins face-off versus Jason Spezza in Kings zone.
19:31 of 2nd period - David Rundblad is hit by Ryan Murray and loses puck.
19:33 of 2nd period - Penalty to Nikita Kucherov is over, Nikita Kucherov is back on ice.
19:38 of 2nd period - Snap shot by Peter Regin.
19:38 of 2nd period - Shot Blocked by David Rundblad.
19:52 of 2nd period - Wrist shot by Nikita Kucherov.
19:52 of 2nd period - Stopped by Anders Nilsson without a rebound.
19:53 of 2nd period - Anze Kopitar wins face-off versus Brandon Dubinsky in Sharks zone.
Goals for this period are 2 for Sharks vs 1 for Kings.
Shots for this period are 12 for Sharks vs 9 for Kings.
3rd period
0:01 of 3rd period - Anze Kopitar wins face-off versus Jason Spezza in neutral zone.
0:12 of 3rd period - Gabriel Landeskog is hit by Tyler Cuma and loses puck.
0:25 of 3rd period - Nikita Kucherov is hit by Tyler Cuma and loses puck.
0:54 of 3rd period - Andrej Sekera is hit by Shea Weber and loses puck.
1:37 of 3rd period - Wrist shot by Blake Wheeler.
1:37 of 3rd period - Stopped by Anders Nilsson with a rebound.
1:43 of 3rd period - Wrist shot by Patrick Marleau.
1:43 of 3rd period - Stopped by Anders Nilsson without a rebound.
1:44 of 3rd period - James Wright wins face-off versus Jason Spezza in Sharks zone.
2:09 of 3rd period - Martins Karsums is hit by Jason Akeson and loses puck.
2:57 of 3rd period - Darnell Nurse is hit by Milan Michalek and loses puck.
3:12 of 3rd period - Snap shot by Jiri Tlusty.
3:12 of 3rd period - Stopped by Ondrej Pavelec without a rebound.
3:13 of 3rd period - Peter Regin wins face-off versus Boone Jenner in Kings zone.
3:13 of 3rd period - Peter Regin is hit by Dennis Wideman.
3:19 of 3rd period - Dennis Wideman is hit by Shea Weber and loses puck.
4:48 of 3rd period - Snap shot by Jiri Tlusty.
4:48 of 3rd period - Deflect By Boone Jenner.
4:48 of 3rd period - Stopped by Ondrej Pavelec without a rebound.
4:49 of 3rd period - Gilbert Brule wins face-off versus Jason Spezza in Kings zone.
5:20 of 3rd period - Snap shot by Ryan Murray.
5:20 of 3rd period - Shot Misses the Net.
5:38 of 3rd period - Bobby Butler is hit by Jeff Schultz and loses puck.
5:47 of 3rd period - Wrist shot by Anze Kopitar.
5:47 of 3rd period - Stopped by Anders Nilsson without a rebound.
5:48 of 3rd period - Milan Michalek wins face-off versus Gilbert Brule in Sharks zone.
5:57 of 3rd period - Snap shot by Stefan Ruzicka.
5:57 of 3rd period - Shot Misses the Net.
5:59 of 3rd period - Wrist shot by Stefan Ruzicka.
5:59 of 3rd period - Stopped by Ondrej Pavelec with a rebound.
6:01 of 3rd period - Slapshot by David Rundblad.
6:01 of 3rd period - Stopped by Ondrej Pavelec with a rebound.
6:03 of 3rd period - Slapshot by David Rundblad.
6:03 of 3rd period - Stopped by Ondrej Pavelec with a rebound.
6:25 of 3rd period - Snap shot by Gabriel Landeskog.
6:25 of 3rd period - Shot Misses the Net.
6:41 of 3rd period - Wrist shot by Blake Wheeler.
6:41 of 3rd period - Shot Misses the Net.
6:43 of 3rd period - Snap shot by Jeff Schultz.
6:43 of 3rd period - Shot Misses the Net.
6:59 of 3rd period - Snap shot by Luke Adam.
6:59 of 3rd period - Shot Misses the Net.
7:01 of 3rd period - Snap shot by Adam Larsson.
7:01 of 3rd period - Stopped by Ondrej Pavelec without a rebound.
7:02 of 3rd period - Luke Adam wins face-off versus Gilbert Brule in Kings zone.
7:09 of 3rd period - Snap shot by Oskar Osala.
7:09 of 3rd period - Stopped by Ondrej Pavelec with a rebound.
7:17 of 3rd period - Slapshot by Tyler Cuma.
7:17 of 3rd period - Shot Blocked by Matt Martin.
7:19 of 3rd period - Slapshot by Drew Doughty.
7:19 of 3rd period - Shot Misses the Net.
8:02 of 3rd period - Snap shot by Luke Adam.
8:02 of 3rd period - Shot Misses the Net.
8:06 of 3rd period - Wrist shot by Oskar Osala.
8:06 of 3rd period - Stopped by Ondrej Pavelec with a rebound.
8:32 of 3rd period - Snap shot by Gilbert Brule.
8:32 of 3rd period - Shot Misses the Net.
8:46 of 3rd period - Snap shot by Luke Adam.
8:46 of 3rd period - Shot Misses the Net.
8:48 of 3rd period - Slapshot by Dennis Wideman.
8:48 of 3rd period - Deflect By Luke Adam.
8:48 of 3rd period - Stopped by Ondrej Pavelec without a rebound.
8:49 of 3rd period - Jason Spezza wins face-off versus James Wright in Kings zone.
9:10 of 3rd period - Minor Penalty to Drew Doughty for Hooking.
9:11 of 3rd period - Anze Kopitar wins face-off versus Milan Michalek in Sharks zone.
9:42 of 3rd period - Tyler Cuma is hit by Darnell Nurse and loses puck.
10:01 of 3rd period - David Rundblad is hit by Brad Boyes and loses puck.
11:06 of 3rd period - David Rundblad is hit by Peter Regin.
11:10 of 3rd period - Penalty to Drew Doughty is over, Drew Doughty is back on ice.
12:19 of 3rd period - Minor Penalty to Bobby Butler for Boarding.
12:20 of 3rd period - Anze Kopitar wins face-off versus Milan Michalek in Sharks zone.
12:29 of 3rd period - Slapshot by Drew Doughty.
12:29 of 3rd period - Stopped by Ondrej Pavelec with a rebound.
12:35 of 3rd period - Adam Larsson is hit by Anze Kopitar and loses puck.
13:08 of 3rd period - Nick Leddy is hit by Andrej Sekera and loses puck.
14:17 of 3rd period - Oskar Osala is hit by Matt Martin and loses puck.
14:19 of 3rd period - Penalty to Bobby Butler is over, Bobby Butler is back on ice.
14:28 of 3rd period - Tyler Cuma is hit by Dougie Hamilton and loses puck.
14:35 of 3rd period - Slapshot by James Wright.
14:35 of 3rd period - Stopped by Anders Nilsson with a rebound.
14:43 of 3rd period - Minor Penalty to Jason Spezza for High sticking.
14:44 of 3rd period - Anze Kopitar wins face-off versus Milan Michalek in Sharks zone.
15:25 of 3rd period - Dennis Wideman is hit by Jason Akeson and loses puck.
16:42 of 3rd period - Snap shot by Blake Wheeler.
16:42 of 3rd period - Goal by Blake Wheeler - Sharks : 2 - Kings : 3.
16:43 of 3rd period - James Wright wins face-off versus Luke Adam in neutral zone.
16:46 of 3rd period - David Rundblad is hit by James Wright and loses puck.
17:40 of 3rd period - Off-side.
17:41 of 3rd period - James Wright wins face-off versus Jason Spezza in neutral zone.
18:17 of 3rd period - Wrist shot by Anze Kopitar.
18:17 of 3rd period - Shot Blocked by Andrej Sekera.
19:09 of 3rd period - Slapshot by Gabriel Landeskog.
19:09 of 3rd period - Stopped by Anders Nilsson with a rebound.
19:11 of 3rd period - Slapshot by Blake Wheeler.
19:11 of 3rd period - Shot Misses the Net.
19:13 of 3rd period - Slapshot by Gabriel Landeskog.
19:13 of 3rd period - Stopped by Anders Nilsson with a rebound.
19:15 of 3rd period - Snap shot by Anze Kopitar.
19:15 of 3rd period - Stopped by Anders Nilsson with a rebound.
19:17 of 3rd period - Wrist shot by Jeff Schultz.
19:17 of 3rd period - Stopped by Anders Nilsson without a rebound.
19:18 of 3rd period - Patrick Roy call a timeout for Sharks.
19:18 of 3rd period - Gabriel Landeskog wins face-off versus Jason Spezza in Sharks zone.
19:21 of 3rd period - Snap shot by Anze Kopitar.
19:21 of 3rd period - Shot Misses the Net.
19:23 of 3rd period - Wrist shot by Darnell Nurse.
19:23 of 3rd period - Shot Misses the Net.
19:47 of 3rd period - Sharks, Anders Nilsson is pulled from the net.
19:47 of 3rd period - Snap shot by Milan Michalek.
19:47 of 3rd period - Deflect By Stefan Ruzicka.
19:47 of 3rd period - Stopped by Ondrej Pavelec without a rebound.
19:48 of 3rd period - Jason Spezza wins face-off versus Anze Kopitar in Kings zone.
19:49 of 3rd period - Slapshot by Drew Doughty.
19:49 of 3rd period - Shot Misses the Net.
19:51 of 3rd period - Snap shot by Stefan Ruzicka.
19:51 of 3rd period - Shot Misses the Net.
19:53 of 3rd period - Snap shot by Stefan Ruzicka.
19:53 of 3rd period - Shot Misses the Net.
19:59 of 3rd period - Wrist shot by Milan Michalek.
19:59 of 3rd period - Shot Blocked by Jeff Schultz.
Goals for this period are 0 for Sharks vs 1 for Kings.
Shots for this period are 11 for Sharks vs 9 for Kings.
Back to the Top